 Dungeon Sprint DCSS version 0.31.0-12-g77e489cdc1 (webtiles) character file.

Game seed: 13539357213167189278

359 Heoruswealwe the Spear-Bearer (level 6, -16/63 HPs)
             Began as a Minotaur Fighter on Feb 15, 2024.
             Was an Initiate of Gozag.
             Demolished by a two-headed ogre
             ... wielding a +0 giant club
              (19 damage)
             ... in the Dungeon (Sprint IX: "|||||||||||||||||||||||||||||").
             The game lasted 00:02:32 (151 turns).

Heoruswealwe the Spear-Bearer (Minotaur Fighter)     Turns: 151, Time: 00:02:34

Health: -16/63     AC: 13    Str: 26    XL:     6   Next: 37%
Magic:  5/5        EV:  9    Int: 11    God:    Gozag
Gold:   0          SH:  0    Dex:  9    Spells: 5/5 levels left

rFire   . . .        b - +2 halberd of Evil {flame, *Noise Str+3 Int+6 SInv}
rCold   . . .        (shield currently unavailable)
rNeg    . . .        c - +1 chain mail
rPois   .            (helmet restricted)
rElec   .            h - +0 cloak
rCorr   .            (no gloves)
SInv    +            (no boots)
Will    .....        (no amulet) Stlth
                     (no ring)
HPRegen 0.30/turn    (no ring)
MPRegen 0.09/turn

%: no teleportation
@: gold aura, slowed, very slow
A: horns 2, retaliatory headbutt
a: Renounce Religion, Potion Petition, Call Merchant, Bribe Branch


You were in the Dungeon.
You worshipped Gozag.
Gozag was noncommittal.
You visited 1 branch

Inventory:

Hand Weapons
 a - a +0 trident
 b - the +2 halberd of Evil (weapon) {flame, *Noise Str+3 Int+6 SInv}
   (You found it in the Dungeon)

   Str+3:     It affects your strength (+3).
   Int+6:     It affects your intelligence (+6).
   SInv:      It lets you see invisible.
   *Noise:    It may make a loud noise when swung.
Armour
 c - a +1 chain mail (worn)
 d - a +0 buckler
 h - a +0 cloak (worn)
Wands
 l - a wand of light (10)
Scrolls
 j - 2 scrolls of blinking
Potions
 e - 3 potions of curing
 f - a potion of heal wounds
 g - a potion of haste
 i - a potion of berserk rage
 k - a potion of might


   Skills:
 + Level 9.0 Fighting
 * Level 11.7 Polearms
 + Level 9.0 Armour
 - Level 3.6 Shields


You had 5 spell levels left.
You didn't know any spells.
Your spell library was empty.

Dungeon Overview and Level Annotations

Branches:
Dungeon (1/1)

Altars:
Cheibriados
Dithmenos
Elyvilon
Fedhas
Gozag
Hepliaklqana
Kikubaaqudgha
Makhleb
Nemelex Xobeh
Okawaru
Qazlal
Ru
Sif Muna
Trog
Uskayaw
Vehumet
Wu Jian
Xom
Yredelemnul
Zin
The Shining One
Jiyva
Lugonu


Innate Abilities, Weirdness & Mutations

You have a pair of horns on your head.
You reflexively headbutt those who attack you in melee.


Message History

The hornet completely misses you. The hornet barely misses you.
You slash the hornet! You burn the hornet.
The hornet is almost dead.
The hornet stings you.
You feel as though you will be slow longer.
The hornet stings you!
You feel as though you will be slow longer.
The hornet stings you.
You are poisoned.
You feel as though you will be slow longer.
You slash the hornet! You burn the hornet.
You kill the hornet!
You feel very sick.
Your Fighting skill gained 2 levels and is now at level 9!
Your Polearms skill gained 2 levels and is now at level 11!
Your Armour skill gained 2 levels and is now at level 9!
You have reached level 6!
You feel better.
The two-headed ogre hits you but does no damage.
The two-headed ogre hits you with a +0 giant club!
You hit the two-headed ogre. You burn the two-headed ogre.
The two-headed ogre is lightly wounded.
The two-headed ogre misses you.
The two-headed ogre hits you with a +0 giant club!!
* * * LOW HITPOINT WARNING * * *
You feel much better.
The two-headed ogre hits you but does no damage.
The two-headed ogre hits you with a +0 giant club!
* * * LOW HITPOINT WARNING * * *
You completely miss the two-headed ogre.
The two-headed ogre is lightly wounded.
The two-headed ogre barely misses you.
The two-headed ogre hits you but does no damage.
You closely miss the two-headed ogre.
The two-headed ogre is lightly wounded.
The two-headed ogre hits you with a +0 giant club!
* * * LOW HITPOINT WARNING * * *
The two-headed ogre hits you with a +0 giant club!!
You die...
Your body crumbles into a pile of gold.

▓.▓
▓.▓
▓O▓
▓W▓
▓Y▓
▓O▓
▓O▓
▓@▓
▓.▓
▓=▓
▓=▓
▓[▓
▓[▓
▓)▓
▓?▓
▓!▓


You could see 3 two-headed ogres, a yak and a wraith.

Vanquished Creatures
  A hornet (D)
  A phantom (D)
  A jelly (D)
  2 iguanas (D)
  A dart slug (D)
  2 jackals (D)
  A kobold (D)
  2 rats (D)
11 creatures vanquished.

Notes
Turn   | Place    | Note
-------+----------+-------------------------------------------
     0 | D        | Heoruswealwe the Minotaur Fighter began the quest for the
                  | Orb.
     0 | D        | Reached XP level 1. HP: 19/19 MP: 0/0
    10 | D        | Reached skill level 3 in Polearms
    24 | D        | Noticed a phantom
    24 | D        | Noticed a jelly
    24 | D        | Noticed an iguana
    24 | D        | Noticed an iguana
    30 | D        | Killed an iguana
    31 | D        | Reached skill level 5 in Fighting
    31 | D        | Reached skill level 5 in Polearms
    31 | D        | Reached skill level 5 in Armour
    31 | D        | Reached XP level 2. HP: 28/29 MP: 1/1
    31 | D        | Reached XP level 3. HP: 35/36 MP: 2/2
    42 | D        | Killed a phantom
    43 | D        | Reached skill level 8 in Polearms
    43 | D        | Reached XP level 4. HP: 24/45 MP: 3/3
    48 | D        | Reached skill level 9 in Polearms
    48 | D        | Reached XP level 5. HP: 35/52 MP: 4/4
    57 | D        | Found a snail-covered altar of Cheibriados.
    57 | D        | Found a shadowy altar of Dithmenos.
    57 | D        | Found a white marble altar of Elyvilon.
    57 | D        | Found a blossoming altar of Fedhas.
    57 | D        | Found an opulent altar of Gozag.
    58 | D        | Found a hazy altar of Hepliaklqana.
    59 | D        | Found a viscous altar of Jiyva.
    60 | D        | Found an ancient bone altar of Kikubaaqudgha.
    61 | D        | Found a corrupted altar of Lugonu.
    62 | D        | Found a burning altar of Makhleb.
    63 | D        | Found a sparkling altar of Nemelex Xobeh.
    64 | D        | Found an iron altar of Okawaru.
    65 | D        | Became a worshipper of Gozag Ym Sagoz the Greedy
    66 | D        | Found a stormy altar of Qazlal.
    67 | D        | Found a sacrificial altar of Ru.
    68 | D        | Found a shimmering blue altar of Sif Muna.
    69 | D        | Found a bloodstained altar of Trog.
    70 | D        | Found a hide-covered altar of Uskayaw.
    71 | D        | Found a radiant altar of Vehumet.
    72 | D        | Found an ornate altar of the Wu Jian Council.
    73 | D        | Found a shimmering altar of Xom.
    74 | D        | Found a basalt altar of Yredelemnul.
    75 | D        | Found a glowing silver altar of Zin.
    76 | D        | Found a glowing golden altar of the Shining One.
    93 | D        | Got the +2 halberd of Evil {flame, *Noise Str+3 Int+6 SInv}
   136 | D        | Noticed a two-headed ogre
   136 | D        | Noticed a wraith
   136 | D        | Noticed a two-headed ogre
   136 | D        | Noticed a two-headed ogre
   136 | D        | Noticed a yak
   136 | D        | Noticed a hornet
   138 | D        | Paralysed by a hornet for 1 turns
   146 | D        | Killed a hornet
   147 | D        | Reached skill level 11 in Polearms
   147 | D        | Reached XP level 6. HP: 32/63 MP: 5/5
   151 | D        | HP: 3/63 [two-headed ogre/+0 giant club (14)]
   151 | D        | Demolished by a two-headed ogre

Illustrated notes

Levels and vault maps discovered:
D:        linesprint [early_d, line_temple, items_1, d_10, items_2, lair_1,
          lair_end, items_3, orc_1, orc_end, items_4, d_15, swamp_1, shoals_1,
          snake_1, spider_1, d_20, vaults_1, items_5, swamp_end, shoals_end,
          snake_end, spider_end, vaults_end, d_27, items_6, zot_1, zot_end,
          crypt_end, forest_end, elf_end, slime_end, tomb_end, abyss_end,
          pan_hell_end]

Skill      XL: |  1  2  3  4  5 |
---------------+----------------+-----
Polearms       | 5 8 9 11 | 11.7
Fighting       | 5 6 7 9 |  9.0
Armour         | 5 6 7 9 |  9.0
Shields        | |  3.6

Action                     |  1- 3 |  4- 6 || total
---------------------------+-------+-------++-------
  Melee: Trident           |    32 |     7 ||    39
         Headbutt          |     2 |     4 ||     6
         Halberd           |       |    12 ||    12
    Use: Potion            |       |     4 ||     4
 Armour: Scale mail        |    15 |     4 ||    19
         Chain mail        |       |    22 ||    22
  Dodge: Dodged            |     7 |     6 ||    13
  Block: Buckler           |     3 |     2 ||     5
